 Dungeon Crawl Stone Soup version 0.29-a0-275-g389c0b56f3 (webtiles) character file.

Game seed: 9398522375196959688

49 mistaj the Ruffian (level 3, 0/37 HPs)
             Began as a Troll Monk on Mar 10, 2022.
             Slain by a goblin
             ... wielding a +0 club
             ... led by Robin
              (5 damage)
             ... on level 1 of the Dungeon.
             The game lasted 00:02:03 (631 turns).

mistaj the Ruffian (Troll Monk)                      Turns: 631, Time: 00:02:04

Health: 0/37       AC:  4    Str: 19    XL:     3   Next: 51%
Magic:  2/2        EV: 10    Int:  8    God:
Gold:   66         SH:  0    Dex: 12    Spells: 2/2 levels left

rFire   . . .      SeeInvis .     - Unarmed
rCold   . . .      Faith    .   (no shield)
rNeg    . . .      Spirit   .   a - +0 robe
rPois   .          Reflect  .   (helmet restricted)
rElec   .          Harm     .   (no cloak)
rCorr   .          Rampage  .   (gloves unavailable)
Will    .....                   (boots unavailable)
Stlth   ++........              (no amulet)
HPRegen 0.92/turn               (no ring)
MPRegen 0.08/turn               (no ring)

@: no status effects
A: large, unfitting armour, claws 3, regeneration 1, shaggy fur 1, tough skin 1
a: no special abilities


You were on level 1 of the Dungeon.
You visited 1 branch of the dungeon, and saw 2 of its levels.

You collected 66 gold pieces.

Inventory:

Hand Weapons
 c - a +2 dagger of electrocution
Armour
 a - a +0 robe (worn)
Scrolls
 e - 2 scrolls of identify {unknown}
Potions
 b - a potion of ambrosia
 d - 2 potions of berserk rage {unknown}
 f - a potion of curing {unknown}


   Skills:
 + Level 3.1 Fighting
 - Level 2.4 Dodging
 - Level 1.0 Stealth
 + Level 3.8 Unarmed Combat


You had 2 spell levels left.
You didn't know any spells.
Your spell library contained the following spells:

 Spells                   Type           Power      Damage    Failure   Level
 Corpse Rot               Necr/Air       0%         N/A       54%         2
 Poisonous Vapours        Pois/Air       0%         N/A       54%         2


Dungeon Overview and Level Annotations

Branches:
Dungeon (2/15)

Altars:
Zin

Annotations:
D:2 Robin


Innate Abilities, Weirdness & Mutations

You are too large for most types of armour.
You have claws for hands.
Your natural rate of healing is unusually fast.
You are covered in fur. (AC +1)
You have tough skin. (AC +1)


Message History

The adder attacks as you move away! The adder barely misses you.
You feel sick.
The goblin no longer looks unusually strong.
Robin roars a battlecry!
The goblins go into a battle-frenzy!
The adder completely misses you. The adder attacks as you move away!
The adder bites you.
You are more poisoned.
The adder poisons you!
You feel very sick. The adder attacks as you move away! The adder misses you.
You feel sick.
You feel sick. The adder misses you.
Robin roars a battlecry!
The adder attacks as you move away! The adder bites you but does no damage.
You feel sick.
The goblin no longer looks unusually strong.
The hobgoblin no longer looks unusually strong.
The adder bites you but does no damage.
There is a stone staircase leading up here.
You can't go down here!
You feel sick. The goblin closely misses you. The adder barely misses you.
You climb upwards.
You feel sick.
There is a stone staircase leading down here.
You are too injured to fight recklessly!
You are too injured to fight recklessly!
You are too injured to fight recklessly!
You are too injured to fight recklessly!
You are too injured to fight recklessly!
Unknown command.
You scratch the adder. You claw the adder.
You kill the adder!
You feel sick. The goblin hits you with a +0 club.
* * * LOW HITPOINT WARNING * * *
The goblin attacks as you move away! The goblin hits you with a +0 club.
* * * LOW HITPOINT WARNING * * *
You feel sick.
You are no longer poisoned.
You closely miss the goblin. The goblin hits you with a +0 club.
* * * LOW HITPOINT WARNING * * *
You miss the goblin. The goblin hits you with a +0 club.
You die...

..# #.##....#.##.....###.###.....
..###.##....#.##.#.......###.....
......##....#..#.#.#.###.#.+.....
##############.#.#.#.# #.#.#.....
.............#...#.#.# #.........
.............#.....#.# #.#.###.##
†............##..#.#.# #.#.....#
.............'..g#...###.#####.##
†#...........###@..#............)
.............# ###...###.......##
####.........# ##### ####...## #
#.........# #...# # #.........#
#...# #.........# #...#
#.........# ##### #.........#
###########


You could see a goblin (strong).

Vanquished Creatures
  An adder (D:1)
  A dart slug (D:1)
  4 bats (D:1)
  An endoplasm (D:1)
  A giant cockroach (D:1)
  2 hobgoblins (D:1)
  4 jackals (D:1)
  5 kobolds (D:1)
  A quokka (D:1)
  2 ball pythons (D:1)
  8 goblins
  4 rats (D:1)
34 creatures vanquished.

Notes
Turn   | Place    | Note
-------+----------+-------------------------------------------
     0 | D:1      | mistaj the Troll Monk began the quest for the Orb.
     0 | D:1      | Reached XP level 1. HP: 22/22 MP: 0/0
     0 | D:1      | Noticed an ogre
     1 | D:1      | Noticed a naga
     3 | D:1      | Noticed a demonspawn
     3 | D:1      | Noticed a barachi
     5 | D:1      | Noticed a formicid
     6 | D:1      | Noticed a dwarf
     7 | D:1      | Noticed a draconian
    11 | D:1      | Noticed a tengu
    13 | D:1      | Noticed a gargoyle
    13 | D:1      | Noticed a barachi
    15 | D:1      | Noticed a felid
    15 | D:1      | Noticed a draconian
    15 | D:1      | Noticed an ogre
    17 | D:1      | Noticed a merfolk
    17 | D:1      | Noticed a naga
    21 | D:1      | Noticed a tengu
    59 | D:1      | Reached XP level 2. HP: 29/29 MP: 1/1
   296 | D:1      | Reached XP level 3. HP: 37/37 MP: 2/2
   534 | D:2      | Found a glowing silver altar of Zin.
   600 | D:2      | Noticed Robin
   631 | D:1      | Slain by a goblin

Illustrated notes

Levels and vault maps discovered:
D:1:      shiori_arrival_whats_in_store_for_you, layout_basic
D:2:      layout_basic, basic_ecumenical_altar, basic_altar, grunt_decor_cap,
          uniq_sigmund, uniq_robin

Skill      XL: |  1  2 |
---------------+-------+-----
Fighting       | 3 |  3.1
Dodging        | |  2.4
Stealth        | |  1.0
Unarmed Combat | |  3.8

Action                   || total
-------------------------++-------
Melee: Unarmed           ||   101
       Punch             ||     3
 Stab: Sleeping          ||     1
Armor: Robe              ||    54
Dodge: Dodged            ||    63

Table legend: (Time is in decaauts)
 A = Elapsed time spent in this place.
 B = Non-inter-level travel time spent in this place.
 C = Inter-level travel time spent in this place.
 D = Time resting spent in this place.
 E = Time spent auto-exploring this place.
 F = Levels seen in this place.
 G = Mean time per level.
                   A        B        C        D        E       F      G
               +--------+--------+--------+--------+--------+-----+--------+
         Total |    624 |    620 |      4 |      0 |    357 |   2 |  312.0 |
       Dungeon |    624 |    620 |      4 |      0 |    357 |   2 |  312.0 |
               +--------+--------+--------+--------+--------+-----+--------+

Top non-repeatable levels by time:
     D:1: 531 daAuts
     D:2: 93 daAuts
